 Dungeon Crawl Stone Soup version 0.28.0 (webtiles) character file.

Game seed: 16898727453312058899

128 Lambsauce the Covered (level 4, 0/41 HPs)
             Began as a Minotaur Fighter on Feb 11, 2022.
             Slain by mrw3rdna's ghost (6 damage)
             ... on level 3 of the Dungeon.
             The game lasted 00:05:35 (2631 turns).

Lambsauce the Covered (Minotaur Fighter)            Turns: 2631, Time: 00:05:35

Health: 0/41       AC:  7    Str: 21    XL:     4   Next: 87%
Magic:  3/3        EV:  9    Int:  5    God:
Gold:   130        SH:  4    Dex: 11    Spells: 3/3 levels left

rFire   . . .      SeeInvis .   a - +0 long sword
rCold   . . .      Faith    .   c - +0 buckler
rNeg    . . .      Spirit   .   b - +0 scale mail
rPois   .          Reflect  .   (helmet restricted)
rElec   .          Harm     .   (no cloak)
rCorr   .          Rampage  .   (no gloves)
Will    .....                   (no boots)
Stlth   ..........              (no amulet)
HPRegen 0.13/turn               (no ring)
MPRegen 0.08/turn               (no ring)

@: no status effects
A: horns 2, retaliatory headbutt
a: no special abilities


You were on level 3 of the Dungeon.
You visited 1 branch of the dungeon, and saw 3 of its levels.

You collected 130 gold pieces.

Inventory:

Hand Weapons
 a - a +0 long sword (weapon)
Armour
 b - a +0 scale mail (worn)
 c - a +0 buckler (worn)
Scrolls
 e - 2 scrolls of identify
 g - a scroll of teleportation {unknown}
 i - 3 scrolls of fear {unknown}
Potions
 d - a potion of might
 f - 2 potions of curing {unknown}
 h - 2 potions of degeneration {unknown}


   Skills:
 + Level 4.4 Fighting
 + Level 3.9 Long Blades
 + Level 4.7 Armour
 + Level 1.0 Dodging
 + Level 4.3 Shields


You had 3 spell levels left.
You didn't know any spells.
Your spell library contained the following spells:

 Spells                   Type           Power      Damage    Failure   Level
 Blink                    Tloc           0%         N/A       95%         2
 Sublimation of Blood     Necr           0%         N/A       95%         2
 Wereblood                Tmut           0%         N/A       95%         2
 Manifold Assault         Tloc           0%         N/A       100%        5
 Storm Form               Tmut/Air       0%         N/A       100%        7
 Summon Hydra             Summ           0%         N/A       100%        7


Dungeon Overview and Level Annotations

Branches:
Dungeon (3/15)

Altars:

Annotations:
D:3 mrw3rdna's ghost, amateur OgFE


Innate Abilities, Weirdness & Mutations

You have a pair of horns on your head.
You reflexively headbutt those who attack you in melee.


Message History

The bullfrog zombie is moderately damaged.
The bullfrog zombie completely misses you.
You furiously retaliate!
You headbutt the bullfrog zombie!
Mrw3rdna's ghost grins evilly.
You hit mrw3rdna's ghost.
Mrw3rdna's ghost is moderately damaged.
You closely miss mrw3rdna's ghost.
Mrw3rdna's ghost is moderately damaged.
Mrw3rdna's ghost hits you. Mrw3rdna's ghost burns you.
Mrw3rdna's ghost closely misses you.
You hit mrw3rdna's ghost but do no damage.
Mrw3rdna's ghost is moderately damaged.
Mrw3rdna's ghost barely misses you.
You slash mrw3rdna's ghost!
Mrw3rdna's ghost is heavily damaged.
Mrw3rdna's ghost hits you but does no damage.
You slash mrw3rdna's ghost!
Mrw3rdna's ghost is severely damaged.
You block mrw3rdna's ghost's attack. Mrw3rdna's ghost hits you.
Mrw3rdna's ghost burns you.
You closely miss mrw3rdna's ghost. Your headbutt misses mrw3rdna's ghost.
Mrw3rdna's ghost is severely damaged.
Mrw3rdna's ghost hits you. Mrw3rdna's ghost burns you.
You hit mrw3rdna's ghost.
Mrw3rdna's ghost is severely damaged.
Mrw3rdna's ghost hits you.
* * * LOW HITPOINT WARNING * * *
Mrw3rdna's ghost burns you.
* * * LOW HITPOINT WARNING * * *
You barely miss mrw3rdna's ghost. Your headbutt misses mrw3rdna's ghost.
Mrw3rdna's ghost is severely damaged.
Mrw3rdna's ghost hits you.
* * * LOW HITPOINT WARNING * * *
Mrw3rdna's ghost burns you.
* * * LOW HITPOINT WARNING * * *
You closely miss mrw3rdna's ghost. You headbutt mrw3rdna's ghost.
Mrw3rdna's ghost is severely damaged.
Mrw3rdna's ghost closely misses you. You furiously retaliate!
You headbutt mrw3rdna's ghost. Mrw3rdna's ghost hits you.
You die...

.....#.##.#.#.#.........(.......#
.....#.##.....#.................(
.....#.###....'............(...#.
.....#.##.(...'................#.
.....#..##(...'................#.
.....#..#.....#.....##########.#.
........#.#.#.####...# #.#.
'####...##########Z..####### #.#.
............##..@WZ........###.#.
.........#####.###......[...##.#.
.........# ###.###..........##.#.
.........# #.....##.........##.#.
.........# #.....##.........'..##
.........# #.....##.........##...
.........# #.....##.........##.##
.........# #.....##.........##.#
.........# #.....##.........##+##


You could see mrw3rdna's ghost, a water moccasin zombie and a bullfrog zombie.

Vanquished Creatures
  A bullfrog skeleton (D:3)
  Terence (D:2)
  2 adders
  2 worms
  A dart slug (D:2)
  3 ball pythons
  2 endoplasms
  5 giant cockroaches
  5 goblins
  2 hobgoblins
  4 jackals (D:2)
  4 quokkas
  5 bats (D:1)
  2 frilled lizards (D:1)
  5 kobolds
  7 rats
51 creatures vanquished.

Notes
Turn   | Place    | Note
-------+----------+-------------------------------------------
     0 | D:1      | Lambsauce the Minotaur Fighter began the quest for the Orb.
     0 | D:1      | Reached XP level 1. HP: 19/19 MP: 0/0
   229 | D:1      | Reached XP level 2. HP: 24/27 MP: 1/1
   953 | D:2      | Reached XP level 3. HP: 33/33 MP: 2/2
  1015 | D:2      | Noticed Terence
  1020 | D:2      | Killed Terence
  1422 | D:2      | Reached XP level 4. HP: 38/40 MP: 3/3
  1651 | D:2      | Found a faded altar of an unknown god.
  2036 | D:3      | Found a runed translucent gate.
  2037 | D:3      | Found a runed translucent gate.
  2037 | D:3      | Found a runed translucent gate.
  2606 | D:3      | Noticed mrw3rdna's ghost (amateur OgFE)
  2611 | D:3      | Reached skill level 1 in Dodging
  2631 | D:3      | Slain by mrw3rdna's ghost

Illustrated notes

Levels and vault maps discovered:
D:1:      evilmike_arrival_rings, layout_basic
D:2:      layout_basic, dilly_ecumenical_altar_fadedgnrine, patterned_corridor,
          uniq_terence
D:3:      layout_basic, gammafunk_ghost_necromancy

Skill      XL: |  1  2  3  4 |
---------------+-------------+-----
Fighting       | 4 |  4.4
Shields        | 4 |  4.3
Armour         | 4 |  4.7
Long Blades    | 3 |  3.9
Dodging        | 1 |  1.0

Action                   |  1- 3 |  4- 6 || total
-------------------------+-------+-------++-------
Melee: Long sword        |    62 |    45 ||   107
       Headbutt          |     7 |     5 ||    12
  Use: Scroll            |     3 |       ||     3
Armor: Scale mail        |    33 |    14 ||    47
Dodge: Dodged            |    41 |    24 ||    65
Block: Buckler           |    22 |     9 ||    31
